 Dungeon Crawl Stone Soup version 0.31-a0-640-g39d97e502b (webtiles) character file.

Game seed: 18344922427578742857

318 greenreed the Ruffian (level 6, -2/46 HPs)
             Began as a Djinni Shapeshifter on Aug 27, 2023.
             Killed from afar by Ijyb (4 damage)
             ... with a bolt of acid
             ... on level 3 of the Dungeon.
             The game lasted 00:06:59 (2315 turns).

greenreed the Ruffian (Djinni Shapeshifter)         Turns: 2315, Time: 00:07:00

Health: -2/46      AC: 11    Str: 15    XL:     6   Next: 74%
Gold:   178        EV:  8    Int: 11    God:
                   SH:  0    Dex: 13

rFire   + +          .
                       - Unarmed
rCold   . . .        (no shield)
rNeg    . . .        j - +3 chain mail {rC+}
rPois   ∞            (helmet currently unavailable)
rElec   .            (cloak currently unavailable)
rCorr   .            (gloves currently unavailable)
SInv    .            (boots unavailable)
Will    .....        (no amulet) Stlth
                     k - ring of wizardry
HPRegen 0.27/turn    n - ring of wizardry
MPRegen 0.00/turn

%: wizardry (x2), infuse magic (-3 HP)
@: beast-form, flying
A: beast (slay +1), flying, sickness immunity, fire resistance 2, cold
vulnerability 1, float, innate caster, HP casting, extra vitality 1
a: Begin Untransformation


You were on level 3 of the Dungeon.
You were a hulking beast.
You visited 1 branch of the dungeon, and saw 3 of its levels.

You collected 178 gold pieces.

Inventory:

Hand Weapons
 r - a +0 halberd
Missiles
 s - a dart of dispersal (quivered)
Armour
 j - a +3 chain mail of cold resistance (worn)
 p - a +2 cloak
Jewellery
 k - a ring of wizardry (left hand)
 n - a ring of wizardry (right hand)
Talismans
 c - a beast talisman (active)
 d - a flux talisman
 l - a storm talisman
Scrolls
 b - a scroll of blinking {unknown}
 e - a scroll of immolation {unknown}
 f - a scroll of fog {unknown}
 i - a scroll of fear {unknown}
 m - 3 scrolls of identify {unknown}
 q - a scroll of enchant armour {unknown}
Potions
 a - 2 potions of heal wounds {unknown}
 g - a potion of magic {unknown}
 h - a potion of curing {unknown}
 o - a potion of degeneration {unknown}
 t - a potion of ambrosia {unknown}


   Skills:
 * Level 3.4 Fighting
 + Level 3.4 Dodging
 * Level 4.5 Unarmed Combat
 + Level 1.2 Spellcasting
 + Level 1.2 Conjurations
 + Level 1.2 Hexes
   Level 0.0 Charms
 + Level 1.2 Summonings
 + Level 1.2 Necromancy
 + Level 1.2 Translocations
 + Level 1.2 Transmutations
 + Level 1.2 Fire Magic
 + Level 1.2 Ice Magic
 + Level 1.2 Air Magic
 + Level 1.2 Earth Magic
 + Level 1.2 Poison Magic
 + Level 3.3 Shapeshifting


You knew the following spells:

 Your Spells              Type           Power      Damage    Failure   Level
a - Apportation           Tloc           6%         N/A       58%         1
b - Lesser Beckoning      Tloc           6%         N/A       71%         2
Your spell library was empty.

Dungeon Overview and Level Annotations

Branches:
Dungeon (3/15)

Altars:
Ashenzari
Dithmenos
Wu Jian
Zin
The Shining One

Annotations:
D:3 Ijyb


Innate Abilities, Weirdness & Mutations

You are a hulking beast.
Your limbs bulge with bestial killing power. (Slay +1)
You are flying.
You are immune to sickness and miasma.
You are immune to poison.
Your flesh is very heat resistant. (rF++)
You are vulnerable to cold. (rC-)
You float through the air rather than walking.
You learn spells naturally, not from books.
Your magical power is your life essence.
You have superior vitality. (+4 MHP)


Message History

Ijyb zaps a wand.
The bolt of acid hits you!
* * * LOW HITPOINT WARNING * * *
What are your orders? t - Shout!
Orders for allies: a - Attack new target. r - Retreat! s - Stop attacking. g - Guard the area. f - Follow me.
Anything else - Cancel.
Okay, then.
Okay, then.
Throw: 3 darts (disperse)
Press: ? - help, Q - select action, (/) - cycle Shift-Dir - straight line, f - Ijyb
Aim: Ijyb, wielding a +0 club, wearing a +0 chain mail and carrying a wand of acid (heavily wounded, 57% to hit)
You throw a dart of dispersal. The dart of dispersal hits Ijyb.
Ijyb blinks!
Ijyb is heavily wounded.
Ijyb screams, "Level is mine!
All mine!"
Found a scroll labelled AJEIDY SUNLUD.
Found a shadowy altar of Dithmenos.
Throw: 2 darts (disperse)
Press: ? - help, Q - select action, (/) - cycle Shift-Dir - straight line, f/p - Ijyb
Aim: Ijyb, wielding a +0 club, wearing a +0 chain mail and carrying a wand of acid (heavily wounded, 57% to hit)
You throw a dart of dispersal. The dart of dispersal hits Ijyb.
Ijyb blinks!
Ijyb is heavily wounded.
An endoplasm comes into view.
Found an ornate altar of the Wu Jian Council.
The endoplasm quivers.
Ijyb zaps a wand.
The bolt of acid hits you.
* * * LOW HITPOINT WARNING * * *
Found a glowing golden altar of the Shining One.
Found a broken altar of Ashenzari.
The endoplasm hits you.
* * * LOW HITPOINT WARNING * * *
The endoplasm hits you but does no damage.
The endoplasm attacks as it pursues you!
The endoplasm hits you but does no damage.
You hit the endoplasm.
The endoplasm is heavily wounded.
Ijyb zaps a wand.
The bolt of acid hits the endoplasm.
The endoplasm completely resists.
The bolt of acid hits you.
You die...

#####..#########
#.# #.......#
#<#
.........####
#.#
#...........###
#.#
##......##g...#
#.#
#.....###.####
..#
#....?#_..._#
###
#.....#..PJ.#
#.....##.Ph##
#.... #.....#
#_.#._# #######


You could see Ijyb and an endoplasm.

Vanquished Creatures
  Grinder (D:2)
  An orc priest (D:3)
  A gnoll (D:2)
  An adder (D:2)
  3 worms (D:2)
  3 dart slugs (D:1)
  4 orcs (D:3)
  3 bats
  2 endoplasms
  4 giant cockroaches
  5 goblins
  6 hobgoblins
  5 jackals
  2 kobolds (D:2)
  4 quokkas
  9 ball pythons
  7 frilled lizards
  2 rats
63 creatures vanquished.

Notes
Turn   | Place    | Note
-------+----------+-------------------------------------------
     0 | D:1      | greenreed the Djinni Shapeshifter began the quest for the
                  | Orb.
     0 | D:1      | Reached XP level 1. HP: 17/17 MP: 0/0
   149 | D:1      | Reached XP level 2. HP: 18/22 MP: 0/0
   570 | D:1      | Reached XP level 3. HP: 27/27 MP: 0/0
   570 | D:1      | Learned a level 1 spell: Apportation
   643 | D:1      | Found a faded altar of an unknown god.
   818 | D:2      | Found a glowing silver altar of Zin.
  1164 | D:2      | Reached XP level 4. HP: 25/33 MP: 0/0
  1815 | D:3      | Noticed Grinder
  1841 | D:2      | Paralysed by Grinder for 5 turns
  1848 | D:2      | Killed Grinder
  1849 | D:2      | Reached skill level 4 in Unarmed Combat
  1849 | D:2      | Reached skill level 1 in Spellcasting
  1849 | D:2      | Reached skill level 1 in Conjurations
  1849 | D:2      | Reached skill level 1 in Hexes
  1849 | D:2      | Reached skill level 1 in Summonings
  1849 | D:2      | Reached skill level 1 in Necromancy
  1849 | D:2      | Reached skill level 1 in Translocations
  1849 | D:2      | Reached skill level 1 in Transmutations
  1849 | D:2      | Reached skill level 1 in Fire Magic
  1849 | D:2      | Reached skill level 1 in Ice Magic
  1849 | D:2      | Reached skill level 1 in Air Magic
  1849 | D:2      | Reached skill level 1 in Earth Magic
  1849 | D:2      | Reached skill level 1 in Poison Magic
  1849 | D:2      | Reached XP level 5. HP: 20/40 MP: 0/0
  1849 | D:2      | Learned a level 2 spell: Lesser Beckoning
  1849 | D:2      | Reached XP level 6. HP: 23/46 MP: 0/0
  2279 | D:3      | Noticed Ijyb
  2300 | D:3      | HP: 2/46 [Ijyb/bolt of acid (15)]
  2307 | D:3      | Found a shadowy altar of Dithmenos.
  2309 | D:3      | Found an ornate altar of the Wu Jian Council.
  2309 | D:3      | HP: 2/46 [Ijyb/bolt of acid (3)]
  2310 | D:3      | Found a glowing golden altar of the Shining One.
  2311 | D:3      | Found a broken altar of Ashenzari.
  2315 | D:3      | Killed from afar by Ijyb

Illustrated notes

Levels and vault maps discovered:
D:1:      nzn_arrival_depleted_hourglass, layout_rooms, serial_rivers,
          chequers_serial_rivers_small_3, chequers_serial_rivers_small_b,
          chequers_serial_rivers_micro_c, chequers_serial_rivers_large_a,
          chequers_serial_rivers_micro_c, chequers_serial_rivers_room_b,
          shapermc_ecumenical_altar_petra
D:2:      minmay_razor_zed, layout_rooms, basic_altar, grunt_ministairs_6
D:3:      layout_rooms, mainiacjoe_overflow_alcove_3, patterned_corridor,
          uniq_natasha, uniq_grinder, uniq_ijyb

Skill      XL: |  1  2  3  4 |
---------------+-------------+-----
Fighting       | 3 |  3.4
Shapeshifting  | 3 |  3.3
Dodging        | 3 |  3.4
Unarmed Combat | 4 |  4.5
Spellcasting   | 1 |  1.2
Conjurations   | 1 |  1.2
Hexes          | 1 |  1.2
Summonings     | 1 |  1.2
Necromancy     | 1 |  1.2
Translocations | 1 |  1.2
Transmutations | 1 |  1.2
Fire Magic     | 1 |  1.2
Ice Magic      | 1 |  1.2
Air Magic      | 1 |  1.2
Earth Magic    | 1 |  1.2
Poison Magic   | 1 |  1.2

Action                     |  1- 3 |  4- 6 || total
---------------------------+-------+-------++-------
  Melee: Unarmed           |   133 |   137 ||   270
         Punch             |     2 |     4 ||     6
  Throw: Dart              |       |     2 ||     2
    Use: Potion            |       |     1 ||     1
 Armour: Chain mail        |    73 |    79 ||   152
         Animal skin       |     2 |       ||     2
         Skin              |       |    13 ||    13
  Dodge: Dodged            |    36 |    60 ||    96

Table legend: (Time is in decaauts)
 A = Elapsed time spent in this place.
 B = Non-inter-level travel time spent in this place.
 C = Inter-level travel time spent in this place.
 D = Time resting spent in this place.
 E = Time spent auto-exploring this place.
 F = Levels seen in this place.
 G = Mean time per level.
                   A        B        C        D        E       F      G
               +--------+--------+--------+--------+--------+-----+--------+
         Total |   2298 |   2188 |    110 |    392 |   1220 |   3 |  766.0 |
       Dungeon |   2298 |   2188 |    110 |    392 |   1220 |   3 |  766.0 |
               +--------+--------+--------+--------+--------+-----+--------+

Top non-repeatable levels by time:
     D:2: 1157 daAuts
     D:1: 737 daAuts
     D:3: 402 daAuts
